 Dungeon Crawl Stone Soup version 0.28-a0-984-g3775c662fe (webtiles) character file.

Game seed: 1465109442971569576

1404 senseless the Sneak (level 8, -8/55 HPs)
             Began as an Octopode Berserker on Dec 3, 2021.
             Was a Priest of Trog.
             Mangled by a gnoll (12 damage)
             ... on level 5 of the Dungeon.
             The game lasted 00:14:32 (4635 turns).

senseless the Sneak (Octopode Berserker)            Turns: 4635, Time: 00:14:33

Health: -8/55      AC:  1    Str: 18    XL:     8   Next: 70%
Magic:  8/8        EV: 14    Int: 10    God:    Trog [***...]
Gold:   208        SH:  4    Dex: 11    Spells: 6/7 levels left

rFire   . . .      SeeInvis .   k - +7 dagger (vamp)
rCold   . . .      Faith    .   d - +0 buckler
rNeg    . . .      Spirit   .   (helmet restricted)
rPois   .          Reflect  .   c - amulet of regeneration
rElec   .          Harm     .   (no ring)
rCorr   .          Rampage  .   (no ring)
Will    .....                   (no ring)
Stlth   +++++.....              (no ring)
HPRegen 0.98/turn               (no ring)
MPRegen 0.11/turn               (no ring)
                                (no ring)
                                (no ring)

@: no status effects
A: almost no armour, amphibious, 8 rings, camouflage 1, gelatinous body 1,
nimble swimmer 1, tentacles
a: Renounce Religion, Berserk, Trog's Hand


You were on level 5 of the Dungeon.
You worshipped Trog.
Trog was most pleased with you.
You visited 1 branch of the dungeon, and saw 5 of its levels.

You collected 208 gold pieces.

Inventory:

Hand Weapons
 i - a +1 whip of venom
 k - a +7 vampiric dagger (weapon)
 p - a +2 short sword of draining
 t - a +2 war axe of electrocution
Missiles
 a - 2 curare-tipped darts
 e - 6 silver javelins
Armour
 d - a +0 buckler (worn)
Jewellery
 c - an amulet of regeneration (around mantle)
Wands
 n - a wand of flame (18) (quivered)
 q - a wand of digging (7)
Scrolls
 b - a scroll of blinking
 s - a scroll of fog
Potions
 f - a potion of might {unknown}
 g - a potion of heal wounds {unknown}
 h - 3 potions of haste
 j - 3 potions of curing
 l - a potion of mutation {unknown}
 o - a potion of lignification
 u - a potion of brilliance {unknown}
 v - a potion of flight {unknown}


   Skills:
 + Level 5.0 Fighting
 + Level 4.3 Short Blades
 + Level 3.9(4.1) Axes
 + Level 1.4(2.9) Maces & Flails
 + Level 5.5 Dodging
 + Level 7.7 Stealth
 + Level 2.4 Shields
 + Level 0.1 Evocations


You had 6 spell levels left.
You knew the following spells:

 Your Spells              Type           Power      Damage    Failure   Level
a - Magic Dart            Conj           0%         1d3       41%         1

Your spell library contained the following spells:

 Spells                   Type           Power      Damage    Failure   Level
 Animate Skeleton         Necr           0%         N/A       41%         1
 Apportation              Tloc           0%         N/A       41%         1
 Slow                     Hex            0%         N/A       41%         1
 Summon Small Mammal      Summ           0%         N/A       41%         1
 Searing Ray              Conj           0%         2d4       56%         2
 Confusing Touch          Hex            0%         N/A       80%         3
 Fulminant Prism          Conj/Hex       0%         3d6       99%         4
 Yara's Violent Unravell  Hex/Tmut       0%         3d3       100%        5
 Chain Lightning          Conj/Air       0%         N/A       100%        9
 Fire Storm               Conj/Fire      0%         5d1       100%        9
 Shatter                  Erth           0%         3d5*      100%        9


Dungeon Overview and Level Annotations

Branches:
Dungeon (5/15)
 Temple: D:4-7

Altars:
Ashenzari
Dithmenos
Fedhas
Trog

Shops:
D:4 *


Innate Abilities, Weirdness & Mutations

You cannot wear most types of armour.
You are amphibious.
You can wear up to eight rings at the same time.
Your skin changes colour to match your surroundings (Stealth+).
Your rubbery body absorbs attacks. (AC +1, EV +1)
You are camouflaged near water. (Stealth+)
You have tentacles for arms and can constrict up to eight enemies at once.


Message History

You hit the ogre.
You feel better.
The ogre is heavily wounded.
The gnoll closely misses you.
You hit the ogre.
You feel better.
The ogre is heavily wounded.
The ogre misses you.
You puncture the ogre!
The ogre is severely wounded.
The gnoll closely misses you.
The gnoll hits you from afar with a +0 halberd.
The ogre hits you with a +0 giant club!!
The puff of flame misses the ogre.
The orc shouts!
The puff of flame hits the ogre.
The ogre is almost dead.
The puff of flame misses the ogre.
You are engulfed in a cloud of scalding steam.
The ogre is engulfed in a cloud of scalding steam.
The puff of flame hits the ogre!
You kill the ogre!
Trog accepts your kill.
Your Fighting skill increases to level 5!
The puff of flame hits the gnoll.
The gnoll is moderately wounded.
The gnoll hits you from afar with a +0 halberd.
The puff of flame hits the gnoll!
The gnoll is severely wounded.
The gnoll hits you from afar with a +0 halberd!
You are too injured to fight recklessly!
You are engulfed in a cloud of scalding steam.
The gnoll hits you from afar with a +0 halberd!
* * * LOW HITPOINT WARNING * * *
You block the gnoll's attack.
You hit the gnoll.
You kill the gnoll!
Trog accepts your kill.
You are engulfed in a cloud of scalding steam.
* * * LOW HITPOINT WARNING * * *
The gnoll hits you from afar with a +0 halberd!
You die...

.#.#...#.....#........#....#.....
.#.#...#.....#........#....#.###.
.#.'.........#........#......#..⌠
.###...##....##########......#...
.# ########### #.......⌠.⌠ .#
#...#..#...
.######################...#..#..⌠
..............o)..........##.###.
...≈≈≈≈≈≈≈≈≈≈≈≈≈@≈≈≈≈≈....##.....
...≈≈≈≈≈≈≈≈≈≈≈≈≈≈≈≈≈≈≈....####...
..)≈≈≈≈≈≈≈≈≈≈≈g#####≈≈....# ##.#
...............#...#≈≈....# #.#
'''#############...#≈≈....# #..
...# #'###≈≈P...# ##. ...# .
..#.≈≈≈....# #. ...# o.
...#.≈≈≈....# ## ...#######''#
##o#.≈≈≈....# #


You could see a gnoll and an orc.

Vanquished Creatures
  Eustachio (D:4)
  2 necrophages (D:5)
  An ogre (D:5)
  A phantom (D:4)
  Blork the orc (D:4)
  A gnoll sergeant (D:5)
  A scorpion (D:5)
  A water moccasin skeleton (D:5)
  A centaur zombie (D:5)
  3 hounds (D:5)
  A jelly (D:4)
  A bullfrog skeleton (D:5)
  A centaur skeleton (D:5)
  3 orc wizards
  A scorpion zombie (D:5)
  Ijyb (D:3)
  3 iguanas
  2 hound skeletons (D:4)
  9 gnolls (D:5)
  7 adders
  3 worms
  2 dart slugs
  16 orcs
  6 endoplasms
  2 giant cockroaches
  11 goblins
  3 hobgoblins
  11 jackals (D:5)
  8 kobolds
  A quokka (D:4)
  4 ball pythons
  2 bats
  A frilled lizard (D:3)
  2 rats (D:1)
114 creatures vanquished.

Vanquished Creatures (others)
  A plant (D:5)
1 creature vanquished.

Grand Total: 115 creatures vanquished

Notes
Turn   | Place    | Note
-------+----------+-------------------------------------------
     0 | D:1      | senseless the Octopode Berserker began the quest for the
                  | Orb.
     0 | D:1      | Reached XP level 1. HP: 16/16 MP: 1/1
   464 | D:1      | Reached XP level 2. HP: 21/21 MP: 2/2
  1168 | D:2      | Was placed under penance by Trog
  1170 | D:2      | Learned a level 1 spell: Magic Dart
  1245 | D:2      | Reached skill level 1 in Stealth
  1245 | D:2      | Reached XP level 3. HP: 25/26 MP: 3/3
  1693 | D:2      | Found a faded altar of an unknown god.
  1770 | D:3      | Reached skill level 2 in Stealth
  1882 | D:3      | Reached XP level 4. HP: 18/31 MP: 4/4
  1952 | D:3      | Reached skill level 3 in Stealth
  2082 | D:3      | Was forgiven by Trog
  2178 | D:3      | Noticed Ijyb
  2203 | D:3      | Killed Ijyb
  2204 | D:3      | Reached XP level 5. HP: 22/36 MP: 5/5
  2645 | D:4      | Noticed Eustachio
  2652 | D:4      | Reached skill level 1 in Maces & Flails
  2652 | D:4      | Reached skill level 4 in Stealth
  2808 | D:4      | Noticed a phantom
  2833 | D:4      | Killed a phantom
  2834 | D:4      | Reached skill level 5 in Stealth
  2834 | D:4      | Reached XP level 6. HP: 5/43 MP: 6/6
  2917 | D:4      | Found Sebef's Superlative Supplies.
  2937 | D:4      | Reached skill level 1 in Short Blades
  3014 | D:4      | Noticed Blork the orc
  3136 | D:4      | Killed Blork the orc
  3185 | D:4      | Found a broken altar of Ashenzari.
  3259 | D:4      | Reached ** piety under Trog
  3317 | D:4      | Killed Eustachio
  3318 | D:4      | Reached skill level 6 in Stealth
  3318 | D:4      | Reached skill level 1 in Shields
  3318 | D:4      | Reached XP level 7. HP: 22/48 MP: 7/7
  3397 | D:4      | Found a blossoming altar of Fedhas.
  3514 | D:5      | Entered Level 5 of the Dungeon
  3727 | D:5      | Found a shadowy altar of Dithmenos.
  3747 | D:5      | Reached XP level 8. HP: 54/54 MP: 8/8
  3929 | D:5      | Found a bloodstained altar of Trog.
  4055 | D:5      | Reached skill level 5 in Dodging
  4055 | D:5      | Reached skill level 7 in Stealth
  4632 | D:5      | Reached skill level 5 in Fighting
  4635 | D:5      | Reached *** piety under Trog
  4635 | D:5      | Mangled by a gnoll

Illustrated notes

Levels and vault maps discovered:
D:1:      minmay_arrival_wavy_path, layout_basic
D:2:      layout_loops_corners, dreamdust_ecumenical_altar_hidden_monk_grotto,
          minmay_tetromino_t2
D:3:      kennysheep_the_goblin_king, layout_basic, minmay_vboxes
D:4:      layout_rooms, kennysheep_mini_moat, ashenzari_conservatory_becter,
          nicolae_alphabet_shops, amcnicky_mini_corridor_feature,
          uniq_eustachio, uniq_blork_the_orc
D:5:      lemuel_castle_with_subvaults [lemuel_castle_interior_carwin_2],
          layout_basic, nicolae_dithmenos_through_a_glass_darkly,
          kennysheep_mini, minmay_chambers_of_fives

Skill      XL: |  1  2  3  4  5  6  7  8 |
---------------+-------------------------+-----
Stealth        | 1 2 3 5 6 7 |  7.7
Maces & Flails | 1 |  1.4
Short Blades   | 2 3 4 |  4.3
Dodging        | 4 5 |  5.5
Fighting       | 4 5 |  5.0
Shields        | 1 2 |  2.4
Axes           | |  3.9
Evocations     | |  0.1

Action                   |  1- 3 |  4- 6 |  7- 9 || total
-------------------------+-------+-------+-------++-------
Melee: Hand axe          |    24 |       |       ||    24
       Constrict         |    15 |    19 |    27 ||    61
       Tentacles         |    10 |    31 |    28 ||    69
       Whip              |    32 |     3 |       ||    35
       Dagger            |       |   102 |   111 ||   213
Evoke: Wand              |       |       |     6 ||     6
  Use: Scroll            |       |       |    12 ||    12
 Stab: Sleeping          |     6 |     7 |    10 ||    23
Armor: Skin              |     4 |     7 |    13 ||    24
Dodge: Dodged            |    22 |    68 |    97 ||   187
Block: Buckler           |     4 |    15 |    20 ||    39

Table legend: (Time is in decaauts)
 A = Elapsed time spent in this place.
 B = Non-inter-level travel time spent in this place.
 C = Inter-level travel time spent in this place.
 D = Time resting spent in this place.
 E = Time spent auto-exploring this place.
 F = Levels seen in this place.
 G = Mean time per level.
                   A        B        C        D        E       F      G
               +--------+--------+--------+--------+--------+-----+--------+
         Total |   4617 |   4351 |    266 |    218 |   3171 |   5 |  923.4 |
       Dungeon |   4617 |   4351 |    266 |    218 |   3171 |   5 |  923.4 |
               +--------+--------+--------+--------+--------+-----+--------+

Top non-repeatable levels by time:
     D:5: 1105 daAuts
     D:3: 1075 daAuts
     D:2: 924 daAuts
     D:1: 835 daAuts
     D:4: 677 daAuts
